 Dungeon Crawl Stone Soup version 0.20.1-1-g8b1a95d (webtiles) character file.

73 JamesWinter the Shooter (level 4, -2/36 HPs)
             Began as a Centaur Hunter on Aug 20, 2017.
             Slain by Natasha (5 damage)
             ... on level 2 of the Dungeon.
             The game lasted 00:09:57 (1900 turns).

JamesWinter the Shooter (Centaur Hunter)            Turns: 1900, Time: 00:09:57

Health: -2/36      AC:  6    Str: 13 (15) XL:     4   Next: 8%
Magic:  0/4        EV:  8    Int: 10      God:
Gold:   136        SH:  0    Dex:  7 (10) Spells: 3/3 levels left

rFire    . . .     SeeInvis +   a - +1 shortbow
rCold    . . .     Gourm    .   (shield currently unavailable)
rNeg     . . .     Faith    .   j - +1 ring mail
rPois    .         Spirit   +   (no helmet)
rElec    .         Reflect  .   (no cloak)
rCorr    .         Harm     .   (no gloves)
MR       .....                  (no barding)
Stlth    ..........             h - amulet of guardian spirit
Regen    0.2/turn               i - ring of see invisible
MPRegen  0.1/turn               (no ring)

@: slowed
A: hooves 3, deformed body, speed 2, tough skin 3
a: no special abilities


You were on level 2 of the Dungeon.
You were not hungry.

You visited 1 branch of the dungeon, and saw 3 of its levels.

You collected 136 gold pieces.

Inventory:

Hand Weapons
 a - a +1 shortbow (weapon)
 b - a +0 short sword
 n - a +0 hunting sling
Missiles
 k - 14 poisoned needles
Armour
 c - a +0 leather armour
 e - a +0 buckler
 j - a +1 ring mail (worn)
Jewellery
 h - an amulet of guardian spirit (around neck)
 i - a ring of see invisible (left hand)
Potions
 g - a potion of curing
Comestibles
 f - a bread ration


   Skills:
 - Level 2.0 Fighting
 * Level 7.2 Bows
 + Level 0.5 Armour
 + Level 1.3 Dodging
 - Level 0.4 Stealth


You had 3 spell levels left.
You didn't know any spells.

Dungeon Overview and Level Annotations

Branches:
Dungeon (3/15)

Altars:

Annotations:
D:2 Natasha, Robin


Innate Abilities, Weirdness & Mutations

You have hooves in place of feet.
Armour fits poorly on your strangely shaped body.
You cover ground very quickly.
You have extremely tough skin. (AC +3)


Message History

Natasha barely misses you.
You clumsily bash Natasha but do no damage.
Natasha is heavily wounded.
The hobgoblin barely misses you.
Natasha wildly gestures.
You feel disoriented. Natasha casts a spell at you.
You feel yourself slow down.
You closely miss Natasha. You kick Natasha.
Natasha is heavily wounded.
Natasha claws you.
* * * LOW HITPOINT WARNING * * *
The hobgoblin barely misses you.
The white imp laughs crazily.
Natasha stares at you and mumbles some strange words.
The magic dart hits you!
* * * LOW HITPOINT WARNING * * *
The hobgoblin hits you but does no damage.
Natasha claws you.
You die... #.##..###.# ##.........##.........# '.........+.........s† .........####...##### ....... ##g.# ..... ##(# 5g5

###.### #h# #....>#
####@# #.....#
##.##g# #...g.#
#.#####...#g##
#.....#
#.......g..g.###
#.....#
######.g.......#
####.## #K#.....#.#
#.#
#.#..#.##.########.#
#g#........g.......#
#.##.#.##.##########


You could see Natasha, 2 white imps, 2 hobgoblins and 2 goblins.

Vanquished Creatures
  Natasha (D:2)
  A gnoll (D:1)
  A worm (D:2)
  3 dart slugs
  8 giant cockroaches
  6 goblins
  3 hobgoblins (D:1)
  A frilled lizard (D:2)
  3 kobolds
27 creatures vanquished.

Notes
Turn   | Place    | Note
-------+----------+-------------------------------------------
     0 | D:1      | JamesWinter the Centaur Hunter began the quest for the Orb.
     0 | D:1      | Reached XP level 1. HP: 17/17 MP: 1/1
   338 | D:1      | Reached XP level 2. HP: 24/24 MP: 2/2
   504 | D:1      | HP: 1/24 [hobgoblin (2)]
   508 | D:1      | Reached skill level 6 in Bows
  1430 | D:2      | Noticed Natasha
  1437 | D:2      | Killed Natasha
  1437 | D:2      | Reached XP level 3. HP: 21/29 MP: 1/3
  1587 | D:2      | Reached skill level 7 in Bows
  1698 | D:2      | Noticed Robin
  1741 | D:2      | Reached XP level 4. HP: 27/36 MP: 4/4
  1880 | D:2      | Noticed Natasha
  1900 | D:2      | Slain by Natasha

Skill      XL: |  1  2  3 |
---------------+----------+-----
Bows           | 6 7 |  7.2
Fighting       | |  2.0
Armour         | |  0.5
Dodging        | |  1.3
Stealth        | |  0.4

Action                   |  1- 3 |  4- 6 || total
-------------------------+-------+-------++-------
Melee: Shortbow          |    38 |    21 ||    59
       Kick              |    11 |     4 ||    15
 Fire: Shortbow          |    62 |     6 ||    68
  Use: Potion            |     4 |       ||     4
       Scroll            |     2 |     2 ||     4
  Eat: Bread ration      |     1 |       ||     1
Armor: Ring mail         |    25 |    19 ||    44
Dodge: Dodged            |    23 |    27 ||    50
